Get step-by-step instructions on how to execute this build order below. Start the game timer, and the build order will tick by so you can play in parallel with StarCraft on a second screen or mobile device.

Game Time

  0:00

Last Step

  N/A

Next Step

Upcoming Step



Don't want to look back and forth between 2 screens? Try out our Overwolf App, the Spawning Tool Build Advisor to get an in-game overlay with this build!

Complete Build Order

  8  0:03  Siege Tank x2  
  8  0:10  Siege Tank x2  
  8  0:13  Ghost x2  
  8  0:18  Siege Tank x2  
  8  0:22  Marine x2  
  8  0:24  Ghost x2  
  8  0:25  Siege Tank x2  
  8  0:27  Marine x2  
  8  0:33  Marine x2  
  8  0:39  Marine x2